 Dungeon Crawl Stone Soup version 0.29-a0-1027-gcd8c55af63 (webtiles) character file.

Game seed: 5746541526349763615

64 Plasmagod the Chopper (level 3, -1/31 HPs)
             Began as a Minotaur Fighter on Aug 13, 2022.
             Was a Believer of Uskayaw.
             Slain by a gnoll
             ... wielding a +0 halberd
              (7 damage)
             ... on level 2 of the Dungeon.
             The game lasted 00:01:51 (921 turns).

Plasmagod the Chopper (Minotaur Fighter)             Turns: 921, Time: 00:01:52

Health: -1/31      AC: 10    Str: 22    XL:     3   Next: 91%
Magic:  2/2        EV:  9    Int:  5    God:    Uskayaw [**....]
Gold:   59         SH:  4    Dex:  9    Spells: 2/2 levels left

rFire   . . .      SeeInvis .   o - +4 hand axe (vorpal)
rCold   . . .      Faith    .   c - +0 buckler
rNeg    . . .      Spirit   .   b - +0 scale mail
rPois   .          Reflect  .   (helmet restricted)
rElec   .          Harm     .   (no cloak)
rCorr   .          Rampage  .   (no gloves)
Will    .....                   (no boots)
Stlth   ..........              (no amulet)
HPRegen 0.10/turn               h - +4 ring of protection
MPRegen 0.08/turn               (no ring)

@: no status effects
A: horns 2, retaliatory headbutt
a: Renounce Religion, Stomp, Line Pass


You were on level 2 of the Dungeon.
You worshipped Uskayaw.
Uskayaw was noncommittal.
You visited 1 branch of the dungeon, and saw 2 of its levels.

You collected 59 gold pieces.

Inventory:

Hand Weapons
 o - a +4 vorpal hand axe (weapon)
Armour
 b - a +0 scale mail (worn)
 c - a +0 buckler (worn)
Jewellery
 g - a +6 ring of intelligence
 h - a +4 ring of protection (left hand)
 j - a ring of fire
 k - a ring of magical power
Scrolls
 e - a scroll of amnesia {unknown}
 i - a scroll of enchant weapon {unknown}
 l - a scroll of fear {unknown}
 n - a scroll of immolation {unknown}
Potions
 d - a potion of might
 f - 2 potions of curing {unknown}
 m - a potion of haste {unknown}


   Skills:
 - Level 3.6 Fighting
 + Level 5.2 Axes
 - Level 3.6 Armour
 - Level 3.6 Shields


You had 2 spell levels left.
You didn't know any spells.
Your spell library was empty.

Dungeon Overview and Level Annotations

Branches:
Dungeon (2/15)

Altars:
Uskayaw


Innate Abilities, Weirdness & Mutations

You have a pair of horns on your head.
You reflexively headbutt those who attack you in melee.


Message History

Terence shouts, "Now you die!"
Terence hits you with a +4 vorpal hand axe.
You slash Terence!
You kill Terence!
You have reached level 3!
Your experience leads to an increase in your attributes!
Increase (S)trength, (I)ntelligence, or (D)exterity?
You feel stronger. x2
Things that are here:
a +4 vorpal hand axe; a +0 scale mail; the human corpse of Terence
o - a +4 vorpal hand axe You are now empty-handed.
You drop a +0 war axe.
o - a +4 vorpal hand axe (weapon)
A frilled lizard comes into view.
A gnoll comes into view. It is wielding a +0 club.
The gnoll shouts!
A gnoll comes into view. It is wielding a +0 halberd.
You miss the frilled lizard.
The gnoll shouts!
The frilled lizard closely misses you. You furiously retaliate!
You headbutt the frilled lizard.
You kill the frilled lizard!
Your Axes skill increases to level 5!
A gnoll comes into view. It is wielding a +0 flail.
You hit the gnoll.
The gnoll is lightly wounded.
You hit the gnoll. Your headbutt misses the gnoll.
The gnoll is moderately wounded.
The gnoll hits you but does no damage.
You slash the gnoll!
You kill the gnoll!
The gnoll hits you from afar with a +0 halberd!
You can now pass through a line of other dancers.
You are too injured to fight recklessly!
The gnoll hits you with a +0 halberd!
* * * LOW HITPOINT WARNING * * *
You hit the gnoll.
The gnoll is heavily wounded.
You slash the gnoll! The gnoll hits you with a +0 halberd!
You die...

#....... .. #.......
... #..(... .....
#....#######
.....#####....#......
.....................
[......g.)...........
.......g@....).......
.....................
...............######
........########
........############
..................<#
........############
........# ........#


You could see 2 gnolls.

Vanquished Creatures
  Terence (D:2)
  A gnoll (D:2)
  3 ball pythons (D:1)
  2 bats (D:1)
  6 endoplasms
  2 giant cockroaches
  A goblin (D:1)
  A hobgoblin (D:1)
  A kobold (D:1)
  A quokka (D:1)
  3 frilled lizards
  5 rats
27 creatures vanquished.

Vanquished Creatures (others)
  A fungus (D:1)
  3 plants (D:1)
4 creatures vanquished.

Grand Total: 31 creatures vanquished

Notes
Turn   | Place    | Note
-------+----------+-------------------------------------------
     0 | D:1      | Plasmagod the Minotaur Fighter began the quest for the Orb.
     0 | D:1      | Reached XP level 1. HP: 19/19 MP: 0/0
   269 | D:1      | Reached skill level 3 in Axes
   296 | D:1      | Reached XP level 2. HP: 26/26 MP: 1/1
   510 | D:1      | Reached skill level 4 in Axes
   777 | D:1      | Found a faded altar of an unknown god.
   788 | D:1      | Prayed at the altar of an unknown god.
   788 | D:1      | Became a worshipper of Uskayaw the Reveller
   788 | D:1      | Reached * piety under Uskayaw
   860 | D:2      | Reached ** piety under Uskayaw
   861 | D:2      | Noticed Terence
   865 | D:2      | Reached *** piety under Uskayaw
   869 | D:2      | Killed Terence
   870 | D:2      | Reached XP level 3. HP: 19/31 MP: 2/2
   916 | D:2      | Reached skill level 5 in Axes
   921 | D:2      | Slain by a gnoll

Illustrated notes

Levels and vault maps discovered:
D:1:      dpeg_arrival_refuge, layout_loops_ring,
          shapermc_ecumenical_altar_acropolis, minmay_distorted
D:2:      layout_basic, minmay_tetromino_t2, uniq_terence

Skill      XL: |  1  2  3 |
---------------+----------+-----
Axes           | 3 4 5 |  5.2
Fighting       | |  3.6
Armour         | |  3.6
Shields        | |  3.6

Action                   || total
-------------------------++-------
Melee: War axe           ||    53
       Headbutt          ||     7
       Hand axe          ||     5
 Stab: Paralysed         ||     1
Armor: Scale mail        ||    20
Dodge: Dodged            ||    24
Block: Buckler           ||    15

Table legend: (Time is in decaauts)
 A = Elapsed time spent in this place.
 B = Non-inter-level travel time spent in this place.
 C = Inter-level travel time spent in this place.
 D = Time resting spent in this place.
 E = Time spent auto-exploring this place.
 F = Levels seen in this place.
 G = Mean time per level.
                   A        B        C        D        E       F      G
               +--------+--------+--------+--------+--------+-----+--------+
         Total |    940 |    891 |     49 |      0 |    716 |   2 |  470.0 |
       Dungeon |    940 |    891 |     49 |      0 |    716 |   2 |  470.0 |
               +--------+--------+--------+--------+--------+-----+--------+

Top non-repeatable levels by time:
     D:1: 855 daAuts
     D:2: 85 daAuts
